 Dungeon Crawl Stone Soup version 0.29.1-1-gd02db6906a (webtiles) character file.

Game seed: 10605535234658971753

13 fireball365 the Digger (level 2, 0/20 HPs)
             Began as a Demigod Earth Elementalist on Oct 4, 2022.
             Slain by a jackal (1 damage)
             ... on level 2 of the Dungeon.
             The game lasted 00:05:36 (667 turns).

fireball365 the Digger (Demigod Earth Elementalist)  Turns: 667, Time: 00:05:36

Health: 0/20       AC:  8    Str:  9    XL:     2   Next: 12%
Magic:  3/7        EV:  8    Int: 17    God:
Gold:   39         SH:  0    Dex: 14    Spells: 4/5 levels left

rFire   . . .      SeeInvis .   d - staff of cold
rCold   + . .      Faith    .   (no shield)
rNeg    . . .      Spirit   .   j - +0 scale mail
rPois   .          Reflect  .   (no helmet)
rElec   .          Harm     .   (no cloak)
rCorr   .          Rampage  .   c - +0 pair of gloves
Will    .....                   m - +0 pair of boots
Stlth   +.........              (no amulet)
HPRegen 0.06/turn               (no ring)
MPRegen 0.10/turn               (no ring)

@: very slightly contaminated, hasted, very quick
A: high MP 1, forlorn, divine attributes
a: no special abilities


You were on level 2 of the Dungeon.
You visited 1 branch of the dungeon, and saw 2 of its levels.

You collected 39 gold pieces.

Inventory:

Hand Weapons
 e - a +0 dagger
 h - a +0 dagger
 k - a +0 whip
 l - a +0 whip
 o - a +0 dagger
 p - a +0 dagger
 r - a +0 club
Missiles
 f - 6 stones
Armour
 a - a +0 robe
 c - a +0 pair of gloves (worn)
 i - a +0 robe
 j - a +0 scale mail (worn)
 m - a +0 pair of boots (worn)
 s - a +0 leather armour
Magical Staves
 d - a staff of cold (weapon)
Scrolls
 t - a scroll of fear {unknown}
Potions
 n - a potion of degeneration {unknown}
 q - a potion of heal wounds {unknown}


   Skills:
 + Level 2.0 Dodging
 + Level 1.9 Stealth
 + Level 2.0 Spellcasting
 + Level 0.8 Transmutations
 + Level 2.9 Earth Magic


You had 4 spell levels left.
You knew the following spells:

 Your Spells              Type           Power      Damage    Failure   Level
a - Sandblast             Erth           22%        2d7       45%         1

Your spell library contained the following spells:

 Spells                   Type           Power      Damage    Failure   Level
 Passwall                 Tmut/Erth      6%         N/A       75%         2
 Stone Arrow              Conj/Erth      12%        3d7       95%         3
 Petrify                  Tmut/Erth      8%         N/A       100%        4


Dungeon Overview and Level Annotations

Branches:
Dungeon (2/15)


Innate Abilities, Weirdness & Mutations

You have an increased reservoir of magic. (+10% MP)
You shall have no god before yourself.
Your divine heritage dramatically boosts your attributes as you level up.


Message History

Casting: Sandblast (safe; 45% risk of failure)
Confirm with . or Enter, or press ? or * to list all spells.
Aiming: Sandblast (safe; 45% risk of failure)
Press: ? - help, Shift-Dir - straight line, f/p - jackal
Aim: a jackal (severely wounded, 77% to hit)
You miscast Sandblast.
Nothing appears to happen.
The giant cockroach barely misses you.
The jackal bites you but does no damage. x2
The giant cockroach bites you but does no damage.
Casting: Sandblast (safe; 45% risk of failure)
Confirm with . or Enter, or press ? or * to list all spells.
Aiming: Sandblast (safe; 45% risk of failure)
Press: ? - help, Shift-Dir - straight line, f/p - jackal
Aim: a jackal (severely wounded, 77% to hit)
You miscast Sandblast.
Nothing appears to happen.
The jackal barely misses you. The jackal bites you.
* * * LOW HITPOINT WARNING * * *
The giant cockroach bites you but does no damage.
Casting: Sandblast (safe; 45% risk of failure)
Confirm with . or Enter, or press ? or * to list all spells.
Aiming: Sandblast (safe; 45% risk of failure)
Press: ? - help, Shift-Dir - straight line, p - jackal You miscast Sandblast.
Nothing appears to happen.
The jackal barely misses you.
The jackal bites you but does no damage.
The giant cockroach bites you.
* * * LOW HITPOINT WARNING * * *
The jackal bites you but does no damage. x2
Casting: Sandblast (safe; 45% risk of failure)
Confirm with . or Enter, or press ? or * to list all spells.
Aiming: Sandblast (safe; 45% risk of failure)
Press: ? - help, Shift-Dir - straight line, f - jackal
Aim: a jackal (severely wounded, 77% to hit)
You miscast Sandblast.
You are lightly contaminated with residual magic.
Nothing appears to happen.
The jackal barely misses you. The jackal bites you.
* * * LOW HITPOINT WARNING * * *
The giant cockroach barely misses you.
You feel yourself speed up. The jackal closely misses you.
The jackal bites you.
You die...

# #. ####
..###.#####....
......h@B....>#
..###.#h#.#.#.#
..###.#w....#.#
#............#
####..........
...............
)..#........#.#
.. #......=....
. .............


You could see a dart slug, 2 jackals and a giant cockroach.

Vanquished Creatures
  A bat (D:1)
  An endoplasm (D:1)
  A giant cockroach (D:2)
  3 goblins (D:1)
  A hobgoblin (D:1)
  A kobold (D:1)
  2 ball pythons
  A frilled lizard (D:1)
11 creatures vanquished.

Notes
Turn   | Place    | Note
-------+----------+-------------------------------------------
     0 | D:1      | fireball365 the Demigod Earth Elementalist began the quest
                  | for the Orb.
     0 | D:1      | Reached XP level 1. HP: 14/14 MP: 5/5
   332 | D:1      | Reached XP level 2. HP: 20/20 MP: 0/7
   666 | D:2      | HP: 1/20 [jackal (2)]
   667 | D:2      | Slain by a jackal

Illustrated notes

Levels and vault maps discovered:
D:1:      minmay_arrival_cross, layout_rooms
D:2:      layout_basic, dreamdust_ecumenical_altar_statues, serial_shops,
          nicolae_shop_bloodbath_and_beyond, uniq_sigmund

Skill      XL: |  1 |
---------------+----+-----
Dodging        | 2 |  2.0
Spellcasting   | 2 |  2.0
Stealth        | |  1.9
Transmutations | |  0.8
Earth Magic    | |  2.9

Action                   || total
-------------------------++-------
Melee: Staff             ||     2
 Cast: Sandblast         ||    15
  Use: Scroll            ||     2
       Potion            ||     2
Armor: Scale mail        ||    26
       Robe              ||     1
Dodge: Dodged            ||    23
